 Dungeon Crawl Stone Soup version 0.31-a0-466-g98c9adc2b6 (webtiles) character file.

Game seed: 3850952809610089265

1578 Xavori the Covert (level 8, 0/54 HPs)
             Began as an Octopode Chaos Knight on Aug 5, 2023.
             Was a Plaything of Xom.
             Slain by an orc wizard
             ... wielding a +2 dagger of venom
             ... summoned by Xom
              (4 damage)
             ... on level 6 of the Dungeon.
             The game lasted 00:03:31 (11578 turns).

Xavori the Covert (Octopode Chaos Knight)          Turns: 11578, Time: 00:03:33

Health: 0/54       AC:  3    Str: 19    XL:     8   Next: 91%
Magic:  8/8        EV: 13    Int: 13    God:    Xom [......]
Gold:   179        SH:  0    Dex:  9    Spells: 7/7 levels left

rFire   + + .        a - +0 short sword (chaos)
rCold   + . .        (no shield)
rNeg    . . .        (helmet restricted)
rPois   .            (no amulet)
rElec   .            c - +4 ring of slaying
rCorr   .            (no ring)
SInv    .            (no ring)
Will    +....        (no ring)
Stlth   +++          (no ring)
HPRegen 0.29/turn    (no ring)
MPRegen 0.11/turn    (no ring)
                     (no ring)

%: no passive effects
@: confused, lethally poisoned (0 -> -13), ambrosia-drunk
A: almost no armour, amphibious, 8 rings, camouflage 1, gelatinous body 1,
(nimble swimmer 1), tentacles, antennae 1, tentacle spike 2, iridescent scales
1, clumsy 1, cold resistance 1, fire resistance 2, strong-willed 1, screaming 1,
strong 2
a: Renounce Religion


You were on level 6 of the Dungeon.
You worshipped Xom.
You were a very special plaything of Xom.
You visited 1 branch of the dungeon, and saw 6 of its levels.

You collected 179 gold pieces.

Inventory:

Hand Weapons
 a - a +0 short sword of chaos (weapon)
Jewellery
 c - a +4 ring of slaying (left tentacle)
Scrolls
 b - a scroll of butterflies
 e - 3 scrolls of poison {unknown}
 g - a scroll of fog {unknown}
 i - 2 scrolls of brand weapon {unknown}
 l - 4 scrolls of teleportation
 m - 3 scrolls of identify {unknown}
 o - a scroll of blinking {unknown}
 q - a scroll of noise {unknown}
 r - 3 scrolls of immolation {unknown}
Potions
 d - 2 potions of cancellation
 f - a potion of attraction {unknown}
 j - a potion of curing {unknown}
 k - a potion of might {unknown}
 p - a potion of enlightenment {unknown}
Miscellaneous
 h - a lightning rod (4/4)


   Skills:
 + Level 4.6 Fighting
 + Level 6.8 Short Blades
 + Level 4.3 Dodging
 + Level 10.2 Stealth
 + Level 0.9 Evocations


You had 7 spell levels left.
You didn't know any spells.
Your spell library was empty.

Dungeon Overview and Level Annotations

Branches:
Dungeon (7/15)
 Temple: D:4-7

Altars:
Sif Muna

Shops:
D:2 *


Innate Abilities, Weirdness & Mutations

You cannot wear most types of armour.
You are amphibious.
You can wear up to eight rings at the same time.
Your skin changes colour to match your surroundings (Stealth+).
Your rubbery body absorbs attacks. (AC +1, EV +1)
((You are camouflaged when in or above water. (Stealth+)))
You have tentacles for arms and can constrict up to eight enemies at once.
You have a pair of small antennae on your head.
One of your tentacles bears a nasty spike.
You are partially covered in iridescent scales. (AC +2)
You are clumsy. (Dex -2)
Your flesh is cold resistant. (rC+)
Your flesh is very heat resistant. (rF++)
You are strong-willed. (Will+)
You occasionally shout uncontrollably at your foes.
Your muscles are very strong. (Str +8, Int/Dex -2)


Message History

You are more poisoned.
You hit the scorpion but do no damage.
The scorpion is poisoned.
You pierce the scorpion.
You kill the scorpion!
The scorpion's corpse disappears in a puff of smoke!
You feel very sick.
Unknown command.
You feel very sick.
You feel very sick.
You hit the orc but do no damage. You grab the orc.
You pierce the orc.
The orc is heavily wounded.
You constrict the orc, but do no damage.
You feel very sick. The orc hits you with a +0 hand axe.
* * * LOW HITPOINT WARNING * * *
Unknown command.
You hit the orc. Lightning courses through the orc!
You kill the orc!
The orc's corpse disappears in a puff of smoke!
* * * LOW HITPOINT WARNING * * *
You feel sick.
* * * LOW HITPOINT WARNING * * *
You feel very sick.
The orc wizard hits you with a +2 dagger of venom.
* * * LOW HITPOINT WARNING * * *
You are more poisoned.
Unknown command.
It was a potion of cancellation.
You feel magically purged.
Xom thinks this is hilarious!
* * * LOW HITPOINT WARNING * * *
You feel very sick. The orc wizard closely misses you.
It was a potion of ambrosia.
You are confused.
You feel invigorated.
* * * LOW HITPOINT WARNING * * *
You feel very sick.
The orc wizard hits you with a +2 dagger of venom.
You die... "Huh?
Did I miss anything?"

####.##....#..#.#
.........#.#..#.#
###.###..#....#.#
#.# #..#..#.#.#
#.# #..####.#.#
#.# #.......#.#
#.....#.......#
###
###.#########o#
#.# #...@ooo#
#.###.#######
#.....# #######


You could see 3 orc wizards and an orc (summoned).

Vanquished Creatures
  A black mamba (shapeshifter) (D:6)
  Grinder (D:3)
  Sigmund (D:6)
  A fire bat (shapeshifter) (D:6)
  A water moccasin (D:6)
  An ice beast (D:6)
  2 scorpions
  An electric eel (D:6)
  A howler monkey (D:6)
  A hound (D:6)
  Jessica (D:2)
  2 orc wizards (D:6)
  A sleepcap (D:6)
  2 iguanas (D:6)
  8 adders
  A shadow imp (D:6)
  2 worms
  2 dart slugs
  10 orcs
  3 ball pythons
  6 bats
  4 endoplasms
  3 giant cockroaches
  2 goblins
  2 hobgoblins
  A quokka (D:2)
  4 frilled lizards
  7 kobolds
  3 rats
75 creatures vanquished.

Notes
Turn   | Place    | Note
-------+----------+-------------------------------------------
     0 | D:1      | Xavori the Octopode Chaos Knight began the quest for the
                  | Orb.
     0 | D:1      | Reached XP level 1. HP: 16/16 MP: 1/1
    50 | D:1      | Found a faded altar of an unknown god.
   163 | D:1      | XOM: divination: detect items
   171 | D:1      | XOM: divination: magic mapping
   244 | D:1      | Reached XP level 2. HP: 21/21 MP: 2/2
   388 | D:1      | XOM: silly message
   439 | D:1      | XOM: silly message
   944 | D:1      | XOM: divination: detect items
  2145 | D:1      | XOM is BORED!
  2145 | D:1      | XOM: stat loss: -2 Int (12/14)
  2240 | D:1      | XOM: give mutations
  2240 | D:1      | Gained mutation: You have a pair of small antennae on your
                  | head. [Xom's grace]
  2240 | D:1      | Gained mutation: One of your tentacles bears a spike.
                  | [Xom's grace]
  2240 | D:1      | Gained mutation: You are strong-willed. (Will+) [Xom's
                  | grace]
  2240 | D:1      | Gained mutation: One of your tentacles bears a nasty spike.
                  | [Xom's grace]
  2484 | D:1      | XOM: silly message
  3187 | D:1      | XOM: cloud trail
  3346 | D:1      | XOM: cloud trail
  3962 | D:1      | XOM is BORED!
  3962 | D:1      | XOM: noise
  4252 | D:1      | XOM: divination: detect items
  4416 | D:1      | XOM: silly message
  4671 | D:1      | XOM: 4-stop teleportation journey
  4961 | D:1      | XOM is BORED!
  4961 | D:1      | XOM: give mutations
  4961 | D:1      | Gained mutation: You are partially covered in iridescent
                  | scales. (AC +2) [Xom's mischief]
  4961 | D:1      | Gained mutation: Your muscles are strong. (Str +4, Int/Dex
                  | -1) [Xom's mischief]
  4961 | D:1      | Gained mutation: You occasionally shout uncontrollably at
                  | your foes. [Xom's mischief]
  6168 | D:1      | XOM: summons 2 hostile demons
  6615 | D:1      | XOM: give mutations
  6615 | D:1      | Gained mutation: You are frail. (-10% HP) [Xom's mischief]
  6615 | D:1      | Gained mutation: You are clumsy. (Dex -2) [Xom's mischief]
  6615 | D:1      | Gained mutation: Your flesh is heat resistant. (rF+) [Xom's
                  | mischief]
  6615 | D:1      | Gained mutation: Your flesh is very heat resistant. (rF++)
                  | [Xom's mischief]
  7069 | D:1      | XOM: stat loss: -1 Str (14/15)
  7109 | D:1      | XOM: scenery: summon butterflies
  7127 | D:1      | XOM: stat loss: -1 Str (13/15)
  7349 | D:1      | XOM: draining
  7871 | D:1      | XOM: give mutations
  7871 | D:1      | Gained mutation: You are somewhat resistant to further
                  | mutation. [Xom's grace]
  7871 | D:1      | Gained mutation: Your flesh is cold resistant. (rC+) [Xom's
                  | grace]
  7871 | D:1      | Gained mutation: Your muscles are very strong. (Str +8,
                  | Int/Dex -2) [Xom's grace]
  8174 | D:1      | XOM is BORED!
  8174 | D:1      | XOM: silly message
  8463 | D:1      | XOM: god gift: 25 gold pieces
  8777 | D:1      | XOM: god gift: lightning rod (4/4)
  8905 | D:2      | Reached XP level 3. HP: 17/21 MP: 3/3
  9006 | D:2      | XOM: divination: detect items
  9014 | D:2      | Reached skill level 1 in Stealth
  9064 | D:2      | Noticed a scorpion
  9070 | D:2      | Killed a scorpion
  9071 | D:2      | Reached skill level 3 in Stealth
  9071 | D:2      | Reached XP level 4. HP: 15/27 MP: 4/4
  9076 | D:2      | XOM: 1-stop teleportation journey
  9181 | D:2      | Noticed Jessica
  9185 | D:2      | Killed Jessica
  9186 | D:2      | Reached XP level 5. HP: 33/33 MP: 5/5
  9187 | D:2      | Found Komy's Assorted Antiques.
  9609 | D:3      | XOM is BORED!
  9609 | D:3      | XOM: give mutations
  9609 | D:3      | Lost mutation: You are somewhat resistant to further
                  | mutation. [Xom's mischief]
  9609 | D:3      | Lost mutation: You are frail. (-10% HP) [Xom's mischief]
  9645 | D:3      | Reached skill level 4 in Stealth
  9697 | D:3      | Noticed Grinder
  9698 | D:3      | XOM: enchant monster (bad)
  9706 | D:3      | Killed Grinder
  9707 | D:3      | Reached skill level 6 in Stealth
  9707 | D:3      | Reached XP level 6. HP: 24/43 MP: 6/6
 10284 | D:3      | Found a shimmering blue altar of Sif Muna.
 10391 | D:4      | You fall into a shaft and drop 2 floors!
 10439 | D:6      | Noticed Sigmund
 10452 | D:6      | Killed Sigmund
 10453 | D:6      | Reached skill level 7 in Stealth
 10453 | D:6      | Reached XP level 7. HP: 26/47 MP: 7/7
 10701 | D:6      | Reached skill level 8 in Stealth
 10706 | D:6      | Reached skill level 5 in Short Blades
 10867 | D:6      | XOM: fog
 10868 | D:6      | an ice beast changed into a shapeshifter
 10868 | D:6      | Noticed a shapeshifter (shapeshifter)
 10868 | D:6      | XOM: polymorph ice beast -> shapeshifter
 10868 | D:6      | a shapeshifter changed into a harpy
 10868 | D:6      | Noticed a harpy (shapeshifter)
 10870 | D:6      | XOM: 2-stop teleportation journey
 11075 | D:6      | XOM: 2-stop teleportation journey
 11159 | D:6      | an ogre changed into a shapeshifter
 11159 | D:6      | Noticed a shapeshifter (shapeshifter)
 11159 | D:6      | a shapeshifter changed into a black mamba
 11159 | D:6      | Noticed a black mamba (shapeshifter)
 11163 | D:6      | Killed a black mamba
 11164 | D:6      | Reached skill level 9 in Stealth
 11164 | D:6      | Reached XP level 8. HP: 44/54 MP: 8/8
 11298 | D:6      | Reached skill level 10 in Stealth
 11567 | D:6      | XOM: summons 2 hostile shadow creatures
 11578 | D:6      | Slain by an orc wizard

Illustrated notes

Levels and vault maps discovered:
D:1:      heliophobic_arrival_ceremonial_halls, layout_loops_cross,
          nicolae_ecumenical_lake_church
D:2:      layout_loops_ring, serial_shops, nicolae_shop_waterfront, uniq_jessica
D:3:      layout_basic, lemuel_blue_sif_altar, uniq_grinder
D:4:      layout_basic, serial_shops, nicolae_shop_industrial_runoff,
          nicolae_shop_vocational
D:6:      cheibrodos_helix_gallery, layout_basic, solitary_fountain,
          uniq_sigmund
D:7:      layout_loops_ring, mainiacjoe_overflow_large_starburst,
          amcnicky_altar_gilded, kennysheep_slug_shrine,
          minmay_temple_entry_arrows

Skill      XL: |  1  2  3  4  5  6  7  8 |
---------------+-------------------------+-----
Stealth        | 3 6 7 9 10 | 10.2
Short Blades   | 4 6 |  6.8
Dodging        | 3 4 |  4.3
Fighting       | 4 |  4.6
Evocations     | |  0.9

Action                     |  1- 3 |  4- 6 |  7- 9 || total
---------------------------+-------+-------+-------++-------
  Melee: Short sword       |    40 |    53 |    64 ||   157
         Constrict         |     7 |    13 |    20 ||    40
         Tentacles         |     4 |     4 |    20 ||    28
         Kick              |     4 |    12 |    25 ||    41
         Punch             |       |       |     1 ||     1
  Evoke: Lightning rod     |       |       |     3 ||     3
    Use: Scroll            |       |       |     1 ||     1
         Potion            |       |       |     2 ||     2
   Stab: Sleeping          |     6 |     6 |     2 ||    14
 Armour: Skin              |     3 |     5 |     4 ||    12
  Dodge: Dodged            |    24 |    10 |    32 ||    66

Table legend: (Time is in decaauts)
 A = Elapsed time spent in this place.
 B = Non-inter-level travel time spent in this place.
 C = Inter-level travel time spent in this place.
 D = Time resting spent in this place.
 E = Time spent auto-exploring this place.
 F = Levels seen in this place.
 G = Mean time per level.
                   A        B        C        D        E       F      G
               +--------+--------+--------+--------+--------+-----+--------+
         Total |  11544 |  11457 |     87 |   8567 |   2410 |   6 | 1924.0 |
       Dungeon |  11544 |  11457 |     87 |   8567 |   2410 |   6 | 1924.0 |
               +--------+--------+--------+--------+--------+-----+--------+

Top non-repeatable levels by time:
     D:1: 8401 daAuts
     D:2: 1063 daAuts
     D:6: 966 daAuts
     D:3: 841 daAuts
     D:7: 198 daAuts
     D:4: 72 daAuts
